| TOP OF THE 1ST |
|
Miami (APP) Marlins batting - Pitching for Billings Mustangs : RHP Bill Marshall
|
|
Pitching: RHP Bill Marshall
|
|
|
Batting: RHB Torquato Uso
|
0-0: Ball 1-0: Ball 2-0: Ball 3-0: Base on Balls
|
|
Batting: RHB Terrell Smith
|
0-0: Foul Ball, location: 2F 0-1: Called Strike 0-2: Ball 1-2: Strikes out swinging
|
|
Batting: RHB Clark Meagher
|
0-0: Called Strike 0-1: Ball 1-1: Called Strike Torquato Uso steals 2nd base 1-2: Ball Wild Pitch! Torquato Uso to third 2-2: Strikes out swinging
|
|
Batting: LHB Tony Olmos
|
0-0: Ball 1-0: Swinging Strike 1-1: Called Strike 1-2: Ball 2-2: Strikes out looking
|
| Top of the 1st over - 0 runs, 0 hits, 0 errors, 1 left on base; Miami (APP) 0 - Billings 0 |
| BOTTOM OF THE 1ST |
|
Billings Mustangs batting - Pitching for Miami (APP) Marlins : RHP Leon Valle
|
|
Pitching: RHP Leon Valle
|
|
|
Batting: RHB Alex Nagera
|
0-0: Swinging Strike 0-1: Ball 1-1: Ground out 6-3 (Groundball, 56, EV 100.0 MPH)
|
|
Batting: LHB Clint Hanninen
|
0-0: Ball 1-0: Ball 2-0: Ball 3-0: Called Strike 3-1: Hit by Pitch
|
|
Batting: RHB Dan Allred
|
0-0: Called Strike 0-1: Swinging Strike 0-2: Fly out, F8 (Line Drive, 89M, EV 102.5 MPH)
|
|
Batting: SHB Gustavo Froio
|
0-0: Called Strike Clint Hanninen is caught stealing 2nd base 2-6
|
| Bottom of the 1st over - 0 runs, 0 hits, 0 errors, 0 left on base; Miami (APP) 0 - Billings 0 |
| TOP OF THE 2ND |
|
Miami (APP) Marlins batting - Pitching for Billings Mustangs : RHP Bill Marshall
|
|
Batting: RHB David Martin
|
0-0: Ball 1-0: Ball 2-0: Called Strike 2-1: Swinging Strike 2-2: Foul Ball, location: 2F 2-2: Foul Ball, location: 2F 2-2: Strikes out swinging
|
|
Batting: RHB Kazumi Inouye
|
0-0: Ball 1-0: Ball 2-0: Ground out 4-3 (Groundball, 4MS, EV 77.5 MPH)
|
|
Batting: RHB Robbie Gomez
|
0-0: Called Strike 0-1: Fly out, F9 (Flyball, 9LD, EV 94.4 MPH)
|
| Top of the 2nd over - 0 runs, 0 hits, 0 errors, 0 left on base; Miami (APP) 0 - Billings 0 |
| BOTTOM OF THE 2ND |
|
Billings Mustangs batting - Pitching for Miami (APP) Marlins : RHP Leon Valle
|
|
Batting: SHB Gustavo Froio
|
0-0: Ball 1-0: Foul Ball, location: 2F 1-1: Swinging Strike 1-2: Foul Ball, location: 2F 1-2: Ground out 6-3 (Groundball, 6M, EV 86.2 MPH)
|
|
Batting: LHB Josh Glass
|
0-0: Ball 1-0: Ball 2-0: Foul Ball, location: 2F 2-1: Fly out, F8 (Flyball, 8LD, EV 96.2 MPH)
|
|
Batting: RHB Rich Vanegas
|
0-0: Ball 1-0: Called Strike 1-1: Fly out, F8 (Line Drive, 8LM, EV 100.0 MPH)
|
| Bottom of the 2nd over - 0 runs, 0 hits, 0 errors, 0 left on base; Miami (APP) 0 - Billings 0 |
| TOP OF THE 3RD |
|
Miami (APP) Marlins batting - Pitching for Billings Mustangs : RHP Bill Marshall
|
|
Batting: RHB Francisco Valenzuela
|
0-0: Swinging Strike 0-1: Foul Ball, location: 2F 0-2: Foul Ball, location: 2F 0-2: Ball 1-2: Strikes out swinging
|
|
Batting: RHB Hektor Luvian
|
0-0: Called Strike 0-1: Foul Ball, location: 2F 0-2: SINGLE (Groundball, 4, EV 95.6 MPH)
|
|
Batting: RHB Torquato Uso
|
0-0: Foul Ball, location: 2F 0-1: Ball 1-1: SINGLE (Groundball, 34D, EV 103.1 MPH) Hektor Luvian to second Runner from 2nd tries for 3rd, SAFE, throw by RF made to third Torquato Uso to second
|
|
Batting: RHB Terrell Smith
|
0-0: Swinging Strike 0-1: Ball 1-1: Called Strike 1-2: Ball 2-2: Ball 3-2: Foul Ball, location: 2F 3-2: Foul Ball, location: 2F 3-2: Strikes out looking
|
|
Batting: RHB Clark Meagher
|
0-0: Called Strike 0-1: Ball 1-1: Swinging Strike 1-2: Strikes out looking
|
| Top of the 3rd over - 0 runs, 2 hits, 0 errors, 2 left on base; Miami (APP) 0 - Billings 0 |
| BOTTOM OF THE 3RD |
|
Billings Mustangs batting - Pitching for Miami (APP) Marlins : RHP Leon Valle
|
|
Batting: SHB Sal Esparza
|
0-0: Called Strike 0-1: Called Strike 0-2: Strikes out swinging
|
|
Batting: RHB Ruben Cantu
|
0-0: Foul Ball, location: 2F 0-1: Ball 1-1: Ground out 5-3 (Groundball, 56, EV 82.5 MPH)
|
|
Batting: LHB Mike Becerra
|
0-0: Called Strike 0-1: Ball 1-1: Foul Ball, location: 2F 1-2: Foul Ball, location: 2F 1-2: Foul Ball, location: 2F 1-2: Ball 2-2: Ball 3-2: Strikes out swinging
|
| Bottom of the 3rd over - 0 runs, 0 hits, 0 errors, 0 left on base; Miami (APP) 0 - Billings 0 |
| TOP OF THE 4TH |
|
Miami (APP) Marlins batting - Pitching for Billings Mustangs : RHP Bill Marshall
|
|
Batting: LHB Tony Olmos
|
0-0: Ball 1-0: Ground out 4-3 (Groundball, 4, EV 87.5 MPH)
|
|
Batting: RHB David Martin
|
0-0: Ball 1-0: Ball 2-0: Called Strike 2-1: Ground out 5-3 (Groundball, 56, EV 106.2 MPH)
|
|
Batting: RHB Kazumi Inouye
|
0-0: Ball 1-0: Ball 2-0: Ball 3-0: Called Strike 3-1: Ground out 6-3 (Groundball, 6, EV 84.4 MPH)
|
| Top of the 4th over - 0 runs, 0 hits, 0 errors, 0 left on base; Miami (APP) 0 - Billings 0 |
| BOTTOM OF THE 4TH |
|
Billings Mustangs batting - Pitching for Miami (APP) Marlins : RHP Leon Valle
|
|
Batting: RHB Alex Nagera
|
0-0: Called Strike 0-1: Ground out 3-1 (Groundball, 34, EV 91.9 MPH)
|
|
Batting: LHB Clint Hanninen
|
0-0: Foul Ball, location: 2F 0-1: Foul Ball, location: 2F 0-2: Foul Ball, location: 2F 0-2: Strikes out swinging
|
|
Batting: RHB Dan Allred
|
0-0: Ball 1-0: Ball 2-0: Ground out U3 (Groundball, 34, EV 86.9 MPH)
|
| Bottom of the 4th over - 0 runs, 0 hits, 0 errors, 0 left on base; Miami (APP) 0 - Billings 0 |
| TOP OF THE 5TH |
|
Miami (APP) Marlins batting - Pitching for Billings Mustangs : RHP Bill Marshall
|
|
Pitching: RHP Tahir Montazeri
|
|
|
Batting: RHB Robbie Gomez
|
0-0: Foul Ball, location: 2F 0-1: SINGLE (Flyball, 34D, EV 91.2 MPH)
|
|
Batting: RHB Francisco Valenzuela
|
0-0: Ball 1-0: Called Strike Robbie Gomez is caught stealing 2nd base 2-4 1-1: Swinging Strike 1-2: Ball 2-2: Ball 3-2: SINGLE (Groundball, 56, EV 98.8 MPH)
|
|
Batting: RHB Hektor Luvian
|
0-0: Called Strike 0-1: Fly out, F8 (Flyball, 89S, EV 92.5 MPH)
|
|
Batting: RHB Torquato Uso
|
0-0: Ball Francisco Valenzuela steals 2nd base 1-0: Ball 2-0: SINGLE (Flyball, 6D, EV 91.2 MPH) Francisco Valenzuela to third Runner from 3rd tries for Home, SAFE, throw by LF to home
|
|
Batting: RHB Terrell Smith
|
0-0: Ball Torquato Uso steals 2nd base 1-0: Called Strike 1-1: Ball 2-1: Foul Ball, location: 2F 2-2: Foul Ball, location: 2F 2-2: Strikes out looking
|
| Top of the 5th over - 1 run, 3 hits, 0 errors, 1 left on base; Miami (APP) 1 - Billings 0 |
| BOTTOM OF THE 5TH |
|
Billings Mustangs batting - Pitching for Miami (APP) Marlins : RHP Leon Valle
|
|
Batting: SHB Gustavo Froio
|
0-0: Called Strike 0-1: Ball 1-1: Ball 2-1: Ball 3-1: Base on Balls
|
|
Batting: LHB Josh Glass
|
0-0: Ball 1-0: Ball 2-0: Foul Ball, location: 2F 2-1: Ground out 5-3 (Groundball, 5S, EV 70.0 MPH) Gustavo Froio to second
|
|
Batting: RHB Rich Vanegas
|
0-0: Called Strike 0-1: Ground out 4-3 (Groundball, 4, EV 98.1 MPH) Gustavo Froio to third
|
|
Batting: SHB Sal Esparza
|
0-0: Swinging Strike 0-1: DOUBLE (Line Drive, 7LM, EV 92.5 MPH) Gustavo Froio scores
|
|
Batting: RHB Ruben Cantu
|
0-0: Foul Ball, location: 2F 0-1: Foul Ball, location: 2F 0-2: Strikes out swinging
|
| Bottom of the 5th over - 1 run, 1 hit, 0 errors, 1 left on base; Miami (APP) 1 - Billings 1 |
| TOP OF THE 6TH |
|
Miami (APP) Marlins batting - Pitching for Billings Mustangs : RHP Tahir Montazeri
|
|
Batting: RHB Clark Meagher
|
0-0: Swinging Strike 0-1: Foul Ball, location: 2F 0-2: Strikes out swinging
|
|
Batting: LHB Tony Olmos
|
0-0: Foul Ball, location: 2F 0-1: Foul Ball, location: 2F 0-2: Ground out U3 (Groundball, 3S, EV 85.6 MPH)
|
|
Pitching: RHP Cortez Restrepo
|
|
|
Batting: RHB David Martin
|
0-0: Foul Ball, location: 2F 0-1: Swinging Strike 0-2: Ball 1-2: Foul Ball, location: 2F 1-2: Ball 2-2: Ball 3-2: DOUBLE (Line Drive, 7LS, EV 101.2 MPH)
|
|
Batting: RHB Kazumi Inouye
|
0-0: Ball 1-0: SINGLE (Flyball, 3D, EV 94.4 MPH) David Martin to third Runner from 3rd tries for Home, SAFE, throw by RF to home Kazumi Inouye to second
|
|
Batting: RHB Robbie Gomez
|
0-0: Called Strike 0-1: Ball 1-1: Ball 2-1: Ground out 3-1 (Groundball, 34, EV 96.9 MPH)
|
| Top of the 6th over - 1 run, 2 hits, 0 errors, 1 left on base; Miami (APP) 2 - Billings 1 |
| BOTTOM OF THE 6TH |
|
Billings Mustangs batting - Pitching for Miami (APP) Marlins : RHP Leon Valle
|
|
Batting: LHB Mike Becerra
|
0-0: Called Strike 0-1: Called Strike 0-2: Foul Ball, location: 2F 0-2: Strikes out swinging
|
|
Batting: RHB Alex Nagera
|
0-0: Called Strike 0-1: Called Strike 0-2: Foul Ball, location: 2F 0-2: Ball 1-2: Ground out 4-3 (Groundball, 34D, EV 110.0 MPH)
|
|
Batting: LHB Clint Hanninen
|
0-0: Swinging Strike 0-1: Ball 1-1: Swinging Strike 1-2: Strikes out swinging
|
| Bottom of the 6th over - 0 runs, 0 hits, 0 errors, 0 left on base; Miami (APP) 2 - Billings 1 |
| TOP OF THE 7TH |
|
Miami (APP) Marlins batting - Pitching for Billings Mustangs : RHP Cortez Restrepo
|
|
Batting: RHB Francisco Valenzuela
|
0-0: Foul Ball, location: 2F 0-1: Called Strike 0-2: Ball 1-2: Strikes out swinging
|
|
Batting: RHB Hektor Luvian
|
0-0: SINGLE (Groundball, 56D, EV 104.4 MPH) (infield hit)
|
|
Pitching: RHP Jeff Buchanan
|
|
|
Batting: RHB Torquato Uso
|
0-0: Ball 1-0: Ball 2-0: Foul Ball, location: 2F 2-1: Foul Ball, location: 2F 2-2: Ball 3-2: Foul Ball, location: 2F 3-2: Base on Balls Hektor Luvian to second
|
|
Batting: RHB Terrell Smith
|
0-0: Ball 1-0: Called Strike 1-1: Foul Ball, location: 2F 1-2: Strikes out swinging
|
|
Batting: RHB Clark Meagher
|
0-0: Ball 1-0: Foul Ball, location: 2F 1-1: Swinging Strike 1-2: Foul Ball, location: 2F 1-2: Foul Ball, location: 2F 1-2: Ball 2-2: Foul Ball, location: 2F 2-2: Ball 3-2: Base on Balls Hektor Luvian to third Torquato Uso to second
|
|
Batting: LHB Tony Olmos
|
0-0: Ball 1-0: Ball 2-0: Ball 3-0: Base on Balls Hektor Luvian scores Torquato Uso to third Clark Meagher to second
|
|
Batting: RHB David Martin
|
0-0: Foul Ball, location: 2F 0-1: Called Strike 0-2: Fly out, F7 (Flyball, 7LD, EV 96.2 MPH)
|
| Top of the 7th over - 1 run, 1 hit, 0 errors, 3 left on base; Miami (APP) 3 - Billings 1 |
| BOTTOM OF THE 7TH |
|
Billings Mustangs batting - Pitching for Miami (APP) Marlins : RHP Leon Valle
|
|
Batting: RHB Dan Allred
|
0-0: Ball 1-0: Ball 2-0: Called Strike 2-1: Ground out 6-3 (Groundball, 6M, EV 78.8 MPH)
|
|
Pitching: RHP Kyle Beabout
|
|
|
Batting: SHB Gustavo Froio
|
0-0: Ball 1-0: Ground out 4-3 (Groundball, 4S, EV 65.6 MPH)
|
|
Batting: LHB Josh Glass
|
0-0: Ball 1-0: Ground out 6-3 (Groundball, 6, EV 84.4 MPH)
|
| Bottom of the 7th over - 0 runs, 0 hits, 0 errors, 0 left on base; Miami (APP) 3 - Billings 1 |
| TOP OF THE 8TH |
|
Miami (APP) Marlins batting - Pitching for Billings Mustangs : RHP Jeff Buchanan
|
|
Batting: RHB Kazumi Inouye
|
0-0: Reached on error, E6 (Groundball, 6, EV 103.8 MPH)
|
|
Batting: RHB Robbie Gomez
|
0-0: Ball 1-0: SINGLE (Groundball, 56D, EV 98.8 MPH) Kazumi Inouye to second
|
|
Batting: RHB Francisco Valenzuela
|
0-0: Bunted foul 0-1: Bunted foul 0-2: Foul Ball, location: 2F 0-2: Strikes out looking
|
|
Batting: RHB Hektor Luvian
|
0-0: Foul Ball, location: 2F 0-1: Ball 1-1: Called Strike 1-2: Ball 2-2: Strikes out swinging
|
|
Pitching: RHP Josh Early
|
|
|
Batting: RHB Torquato Uso
|
0-0: Swinging Strike 0-1: Ground out 4-3 (Groundball, 4MD, EV 91.2 MPH)
|
| Top of the 8th over - 0 runs, 1 hit, 1 error, 2 left on base; Miami (APP) 3 - Billings 1 |
| BOTTOM OF THE 8TH |
|
Billings Mustangs batting - Pitching for Miami (APP) Marlins : RHP Kyle Beabout
|
|
Batting: RHB Rich Vanegas
|
0-0: SINGLE (Line Drive, 5D, EV 97.5 MPH)
|
|
Batting: RHB Kieron Clark
|
0-0: Ball 1-0: Ball 2-0: Grounds into double play, 6-4-3 (Groundball, 6, EV 90.0 MPH)
|
|
Batting: RHB Ruben Cantu
|
0-0: Ball 1-0: Ball 2-0: Called Strike 2-1: SINGLE (Groundball, 56D, EV 97.5 MPH)
|
|
Batting: LHB Mike Becerra
|
0-0: Called Strike Pickoff Throw by Catcher to First - Out!
|
| Bottom of the 8th over - 0 runs, 2 hits, 0 errors, 0 left on base; Miami (APP) 3 - Billings 1 |
| TOP OF THE 9TH |
|
Miami (APP) Marlins batting - Pitching for Billings Mustangs : RHP Josh Early
|
|
Pitching: RHP Guang Jue
|
|
|
Batting: RHB Terrell Smith
|
0-0: Ball 1-0: Ball 2-0: Called Strike 2-1: Ball 3-1: Called Strike 3-2: Strikes out swinging
|
|
Batting: RHB Clark Meagher
|
0-0: Fly out, F7 (Flyball, 78S, EV 86.9 MPH)
|
|
Batting: LHB Tony Olmos
|
0-0: Called Strike 0-1: Ball 1-1: Ball 2-1: Ball 3-1: Base on Balls
|
|
Batting: RHB David Martin
|
0-0: Ball 1-0: Ball 2-0: Foul Ball, location: 2F 2-1: Swinging Strike 2-2: Strikes out swinging
|
| Top of the 9th over - 0 runs, 0 hits, 0 errors, 1 left on base; Miami (APP) 3 - Billings 1 |
| BOTTOM OF THE 9TH |
|
Billings Mustangs batting - Pitching for Miami (APP) Marlins : RHP Kyle Beabout
|
|
Now at 1B: Hektor Luvian
|
|
|
Now at 3B: Axel Moltke
|
|
|
Now in LF: Aaron Mamer
|
|
|
Batting: LHB Mike Becerra
|
0-0: Foul Ball, location: 2F 0-1: Ground out 4-3 (Groundball, 4, EV 103.8 MPH)
|
|
Batting: RHB Alex Nagera
|
0-0: Foul Ball, location: 2F 0-1: Swinging Strike 0-2: Ball 1-2: Ball 2-2: Strikes out swinging
|
|
Batting: LHB Clint Hanninen
|
0-0: Called Strike 0-1: Swinging Strike 0-2: Ball 1-2: SINGLE (Groundball, 4MD, EV 108.8 MPH)
|
|
Batting: RHB Dan Allred
|
0-0: Ball 1-0: Foul Ball, location: 2F 1-1: Ground out 4-3 (Groundball, 34, EV 83.8 MPH)
|
| Bottom of the 9th over - 0 runs, 1 hit, 0 errors, 1 left on base; Miami (APP) 3 - Billings 1 |
|